 Dungeon Crawl Stone Soup version 0.31-a0-180-g519b7de00c (webtiles) character file.

Game seed: 7302160306468295478

54651 Gargoyl the Severer (level 14, -12/94 HPs)
             Began as a Gargoyle Berserker on June 20, 2023.
             Was an Elder of Trog.
             Mangled by a white very ugly thing (53 damage)
             ... on level 11 of the Dungeon.
             The game lasted 00:18:38 (15001 turns).

Gargoyl the Severer (Gargoyle Berserker)           Turns: 15001, Time: 00:18:38

Health: -12/94     AC: 31    Str: 22    XL:     14   Next: 73%
Magic:  14/14      EV:  9    Int: 10    God:    Trog [****..]
Gold:   928        SH:  0    Dex: 17    Spells: 13/13 levels left

rFire   + . .        r - +5 battleaxe (freeze)
rCold   . . .        (shield currently unavailable)
rNeg    + . .        q - +0 plate armour
rPois   ∞            d - +2 helmet
rElec   +            h - +1 cloak
rCorr   .            (no gloves)
SInv    .            (no boots)
Will    +++..        (no amulet) Stlth
                     e - ring of protection from fire
HPRegen 1.35/turn    y - +6 ring of dexterity
MPRegen 0.14/turn

%: no passive effects
@: strong-willed, flying, regenerating
A: sickness immunity, AC +10, big wings, negative energy resistance 1,
electricity resistance, torment resistance 1, petrification resistance
a: Renounce Religion, Berserk, Trog's Hand, Brothers in Arms


You were on level 11 of the Dungeon.
You worshipped Trog.
Trog was greatly pleased with you.
You visited 2 branches of the dungeon, and saw 16 of its levels.

You collected 1501 gold pieces.
You spent 573 gold pieces at shops.

Inventory:

Hand Weapons
 a - a +1 hand axe of freezing
 r - a +5 battleaxe of freezing (weapon)
 A - the +2 broad axe "Boistuv" {flame, rElec rC+}
   (You bought it in a shop on level 9 of the Dungeon)

   rC:        It protects you from cold.
   rElec:     It insulates you from electricity.
 F - a +1 executioner's axe of flaming
Missiles
 n - 13 poisoned darts
 w - 6 curare-tipped darts (quivered)
Armour
 d - a +2 helmet (worn)
 h - a +1 cloak (worn)
 q - a +0 plate armour (worn)
 s - a +0 pair of gloves
Jewellery
 e - a ring of protection from fire (left hand)
 v - a +5 ring of evasion
 y - a +6 ring of dexterity (right hand)
 H - a +4 ring of protection
Wands
 o - a wand of charming (30)
 x - a wand of iceblast (11)
 z - a wand of flame (2)
 B - a wand of digging (2)
Scrolls
 b - 11 scrolls of teleportation
 c - 3 scrolls of revelation
 g - 10 scrolls of identify
 m - a scroll of enchant armour
 G - a scroll of fog
Potions
 f - a potion of invisibility
 i - 2 potions of might
 j - a potion of haste
 k - 4 potions of berserk rage
 l - 8 potions of curing
 p - 2 potions of heal wounds
 t - 3 potions of cancellation
 u - a potion of mutation {unknown}
 D - a potion of magic
 E - a potion of enlightenment


   Skills:
 + Level 13.3 Fighting
 + Level 3.1 Long Blades
 + Level 17.5 Axes
 + Level 11.6 Armour
 + Level 4.4 Dodging
 + Level 3.2 Stealth


You had 13 spell levels left.
You didn't know any spells.
Your spell library was empty.

Dungeon Overview and Level Annotations

Branches:
Dungeon (11/15)            Temple (0/1) D:5            Lair (5/5) D:8
  Swamp (0/4) Lair:2       Spider (0/4) Lair:3        Slime (0/5) Lair:5
    Orc (0/2) D:9

Altars:
Dithmenos
Kikubaaqudgha
Makhleb
Nemelex Xobeh
Jiyva

Shops:
D:9 ([   D:10 [


Innate Abilities, Weirdness & Mutations

You are immune to sickness and miasma.
Your stone body is resilient. (AC +10)
You are immune to poison.
Your large and strong wings let you fly.
You resist negative energy. (rN+)
You are resistant to electric shocks. (rElec)
You are resistant to unholy torment.
You are immune to petrification.


Message History

You swap places.
The white very ugly thing claws your butterfly!!
Your butterfly dies!
Your butterfly disappears in a burst of colours!
The wizard hits your butterfly with a +2 dagger of venom.
Your butterfly dies!
Your butterfly disappears in a burst of colours!
You swap places.
Your surroundings suddenly seem different.
Unknown command.
You start resting.
You feel the effects of Trog's Hand fading.
You start resting.
Your skin stops crawling.
You feel less strong-willed.
HP restored.
There is a stone staircase leading down here.
Key pressed, stopping explore.
Trog will no longer gift you weapons.
Found a whip.
You see here a +0 whip.
There is a stone staircase leading down here.
You see here 6 stones.
Things that are here:
a +0 halberd; a +0 chain mail
u - a fizzy clear potion You now have 928 gold pieces (gained 25).
A white very ugly thing is nearby!
The white very ugly thing gurgles horribly!
The white very ugly thing claws you!
The white very ugly thing freezes you!!!
You slash the white very ugly thing!
The white very ugly thing is lightly wounded.
Unknown command.
You don't know any spells.
Your skin crawls.
You feel strong-willed. The white very ugly thing claws you.
The white very ugly thing freezes you!!!
Ouch! That really hurt!
You die...

....[)........### #...#
#######.....### #...#
#########.#
############# ###~~###
#.###...#...##
#~~~~~~##
#..#.........##
..~##~~~#
##............#
~p####~~#
##............# ~u##
#~.# #.............#
b.8#
=..)##.#..u@......##
b~##
)..[##..)....#...##
bb###?..[##..)#########
~bb###!$###....#
bbbb##### #..#)##


#bbbb## ##.#).# ##b.b~######.##)# ###b.b.~~~##.##.# ###bbb.....#....# You could
see a white very ugly thing.

Vanquished Creatures
  6 hydras
  Erica (D:8)
  The ghost of soepkip the Cleaver, a novice MiFi of Okawaru (D:8)
  6 death yaks (Lair:4)
  4 two-headed ogres
  Pikel (D:5)
  A deep elf pyromancer (D:7)
  7 ugly things (D:11)
  17 elephants
  Joseph (D:7)
  7 black mambas
  10 cane toads
  An unseen horror (D:11)
  2 gargoyles (D:11)
  2 kobold demonologists
  2 torpor snails
  12 komodo dragons
  A rime drake (Lair:4)
  A troll (D:11)
  7 polar bears
  8 blink frogs
  2 dream sheep (Lair:5)
  4 hornets
  13 spriggans (Lair:5)
  4 wraiths
  9 basilisks
  A shadow (D:9)
  43 yaks
  6 wyverns
  Edmund (D:5)
  An acid dragon (D:8)
  12 water moccasins
  7 orc warriors
  3 ice beasts
  7 black bears
  3 ogres
  5 boggarts (Lair:5)
  25 wolves
  2 lemures (D:5)
  A phantom (D:5)
  A centaur (D:5)
  7 bullfrogs
  Blork the orc (D:4)
  3 scorpions
  17 wights
  6 killer bees (D:9)
  5 howler monkeys
  2 jellies
  5 hounds
  5 orc priests
  2 sleepcaps
  2 iguanas
  7 orc wizards
  8 adders
  3 gnolls (D:3)
  A shadow imp (D:7)
  2 white imps
  An ufetubus (D:7)
  3 worms
  A dart slug (D:2)
  40 orcs
  6 ball pythons
  A bat (D:1)
  9 endoplasms
  7 giant cockroaches
  6 goblins
  11 hobgoblins
  7 kobolds
  2 quokkas
  4 frilled lizards
  2 rats (D:1)
424 creatures vanquished.

Notes
Turn   | Place    | Note
-------+----------+-------------------------------------------
     0 | D:1      | Gargoyl the Gargoyle Berserker began the quest for the Orb.
     0 | D:1      | Reached XP level 1. HP: 14/14 MP: 1/1
   327 | D:1      | Reached XP level 2. HP: 19/19 MP: 2/2
   498 | D:1      | Reached skill level 3 in Axes
   810 | D:2      | Reached XP level 3. HP: 23/24 MP: 3/3
  1167 | D:2      | Reached ** piety under Trog
  1620 | D:3      | Reached XP level 4. HP: 29/29 MP: 4/4
  2254 | D:3      | Noticed a water moccasin
  2264 | D:3      | Killed a water moccasin
  2265 | D:3      | Reached skill level 4 in Axes
  2265 | D:3      | Reached XP level 5. HP: 34/34 MP: 5/5
  2388 | D:4      | Reached XP level 6. HP: 37/39 MP: 6/6
  2507 | D:4      | You fall into a shaft and drop 1 floor!
  2507 | D:5      | Entered Level 5 of the Dungeon
  2563 | D:5      | Reached skill level 5 in Axes
  2563 | D:5      | Reached skill level 1 in Stealth
  2563 | D:5      | Reached XP level 7. HP: 44/44 MP: 7/7
  2783 | D:5      | Noticed Edmund
  2814 | D:5      | Killed Edmund
  2815 | D:5      | Reached skill level 5 in Fighting
  2863 | D:5      | Found a staircase to the Ecumenical Temple.
  2877 | D:5      | Reached skill level 6 in Axes
  2877 | D:5      | Reached XP level 8. HP: 49/49 MP: 8/8
  3183 | D:4      | Noticed Blork the orc
  3193 | D:4      | Killed Blork the orc
  3597 | D:4      | Found a shadowy altar of Dithmenos.
  3635 | D:5      | Noticed Pikel
  3651 | D:5      | Killed Pikel
  3652 | D:5      | Reached skill level 7 in Axes
  3652 | D:5      | Reached skill level 5 in Armour
  3654 | D:5      | Reached XP level 9. HP: 55/55 MP: 9/9
  3671 | D:5      | Reached skill level 8 in Axes
  3689 | D:5      | Identified the +2 plate armour of Kiyv {*Slow Dex+7}
  4564 | D:6      | Reached skill level 9 in Axes
  4772 | D:7      | Identified the +2 ring mail of the Wilderness {Rampage Fly
                  | rC+ Dex-4}
  4849 | D:7      | Noticed a deep elf pyromancer
  4864 | D:7      | Killed a deep elf pyromancer
  4865 | D:7      | Reached XP level 10. HP: 63/63 MP: 10/10
  4890 | D:7      | Noticed Joseph
  4915 | D:7      | Killed Joseph
  4916 | D:7      | Reached skill level 10 in Axes
  5258 | D:8      | Noticed Erica
  5269 | D:8      | Killed Erica
  5362 | D:8      | Reached *** piety under Trog
  5535 | D:8      | Found a runed translucent door.
  5535 | D:8      | Noticed soepkip's ghost (novice MiFi)
  5535 | D:8      | Noticed a two-headed ogre
  5560 | D:8      | Killed a two-headed ogre
  5561 | D:8      | Reached skill level 11 in Axes
  5568 | D:8      | Killed soepkip's ghost
  5851 | D:8      | Reached XP level 11. HP: 46/68 MP: 11/11
  5958 | D:8      | Found a staircase to the Lair.
  6095 | Lair:1   | Entered Level 1 of the Lair of Beasts
  6138 | Lair:1   | Reached skill level 12 in Axes
  6969 | Lair:2   | Reached skill level 13 in Axes
  6975 | Lair:2   | Reached XP level 12. HP: 42/77 MP: 12/12
  7092 | Lair:2   | Reached skill level 10 in Fighting
  7225 | Lair:2   | Noticed a four-headed hydra
  7236 | Lair:2   | Killed a one-headed hydra
  7334 | Lair:2   | Identified the +3 whip of Domination {heavy, Fragile rF++
                  | Str+3 Dex+8}
  7483 | Lair:2   | Found a staircase to the Swamp.
  8075 | Lair:3   | Reached skill level 14 in Axes
  8076 | Lair:3   | Reached skill level 1 in Long Blades
  8150 | Lair:3   | Noticed a four-headed hydra
  8163 | Lair:3   | Killed a one-headed hydra
  8321 | Lair:3   | Reached **** piety under Trog
  8827 | Lair:3   | Reached XP level 13. HP: 71/84 MP: 13/13
  8833 | Lair:3   | Reached skill level 15 in Axes
  8890 | Lair:3   | Found a hole to the Spider Nest.
  9118 | Lair:4   | Reached skill level 10 in Armour
 10649 | Lair:5   | Entered Level 5 of the Lair of Beasts
 10814 | Lair:5   | Reached skill level 16 in Axes
 11505 | Lair:5   | Gained mutation: Your large and strong wings let you fly.
                  | [Gargoyle growth]
 11505 | Lair:5   | Reached XP level 14. HP: 91/92 MP: 14/14
 11642 | Lair:5   | Found a viscous altar of Jiyva.
 11642 | Lair:5   | Found a staircase to the Slime Pits.
 11935 | Lair:5   | Reached ***** piety under Trog
 12187 | Lair:5   | Received a gift from Trog
 12267 | Lair:5   | Reached skill level 17 in Axes
 12904 | D:9      | Found Dailetie's Armour Shoppe.
 12905 | D:9      | Found a staircase to the Orcish Mines.
 12913 | D:9      | Found Hius's Weapon Shoppe.
 12968 | D:9      | Bought the +2 broad axe "Boistuv" {flame, rElec rC+} for
                  | 573 gold pieces
 13098 | D:9      | Found a sparkling altar of Nemelex Xobeh.
 13435 | D:10     | Entered Level 10 of the Dungeon
 13570 | D:10     | Found Jyxyet's Antique Armour Boutique.
 14077 | D:10     | Found an ancient bone altar of Kikubaaqudgha.
 14077 | D:10     | Found a burning altar of Makhleb.
 14696 | D:11     | Noticed a white very ugly thing
 15001 | D:11     | Mangled by a white very ugly thing

Illustrated notes

Levels and vault maps discovered:
D:1:      beargit_arrival_greenhouse, layout_basic
D:2:      layout_loops_ring
D:3:      layout_loops_ring, hangedman_decor_push, chequers_serial_rivers_marsh
D:4:      layout_basic, kennysheep_mini_moat, uniq_blork_the_orc
D:5:      layout_rooms, minmay_temple_entry_slanted, kennysheep_minor_cross,
          uniq_pikel, uniq_edmund
D:6:      layout_rooms, kennysheep_donut
D:7:      layout_rooms, uniq_joseph
D:8:      layout_cave_pools, erik_lair_dragon, ebering_ghost_inner_flame,
          uniq_erica
D:9:      layout_loops_ring, mainiacjoe_overflow_cross_hatched, orc_david_3
D:10:     layout_roguey, gammafunk_temple_overflow_elements, serial_shops, shop,
          serial_bayou_pond_d
D:11:     cheibrodos_breeding_chamber, layout_rooms
Lair:1:   layout_regular_city, serial_bayou_crossing
Lair:2:   layout_roguey, swamp_mist_pool, grunt_megastairs_5
Lair:3:   layout_chaotic_city, dummy_spider_entry, chequers_serial_rivers_marsh,
          minmay_holes, nicolae_quartered_pool_impasse,
          chequers_serial_rivers_marsh
Lair:4:   layout_cave_pods, lemuel_fruit_tree, grunt_megastairs_2
Lair:5:   minmay_lair_end_enchanted_forest, layout_long_grid,
          dpeg_slime_entry_enclosed

Skill      XL: |  1  2  3  4  5  6  7  8  9 10 11 12 13 14 |
---------------+-------------------------------------------+-----
Axes           | 3 4 5 6 7 9 11 13 14 16 17 | 17.5
Fighting       | 4 5 6 7 8 9 11 12 13 | 13.3
Dodging        | 2 3 4 |  4.4
Armour         | 3 4 5 7 8 9 10 11 | 11.6
Stealth        | 1 2 3 |  3.2
Long Blades    | 1 2 3 |  3.1

Action                     |  1- 3 |  4- 6 |  7- 9 | 10-12 | 13-15 || total
---------------------------+-------+-------+-------+-------+-------++-------
  Melee: Hand axe          |    82 |   117 |   218 |       |       ||   417
         Punch             |       |     1 |     3 |       |     1 ||     5
         Battleaxe         |       |       |    61 |   282 |   457 ||   800
         Scimitar          |       |       |       |    14 |    36 ||    50
  Throw: Dart              |       |       |       |       |     1 ||     1
 Invoke: Trog's Hand       |     1 |     3 |     7 |     6 |     9 ||    26
         Berserk           |     1 |     3 |     7 |     9 |     6 ||    26
         Brothers in Arms  |       |       |       |       |     1 ||     1
    Use: Scroll            |     8 |     2 |     8 |     6 |     6 ||    30
         Potion            |       |       |       |       |     1 ||     1
 Armour: Animal skin       |    15 |       |       |       |       ||    15
         Ring mail         |    19 |    62 |    75 |       |       ||   156
         Chain mail        |       |       |   101 |       |       ||   101
         Plate armour      |       |       |   112 |   285 |   597 ||   994
  Dodge: Dodged            |    65 |    64 |   179 |   132 |   244 ||   684

Table legend: (Time is in decaauts)
 A = Elapsed time spent in this place.
 B = Non-inter-level travel time spent in this place.
 C = Inter-level travel time spent in this place.
 D = Time resting spent in this place.
 E = Time spent auto-exploring this place.
 F = Levels seen in this place.
 G = Mean time per level.
                   A        B        C        D        E       F      G
               +--------+--------+--------+--------+--------+-----+--------+
         Total |  15255 |  14786 |    469 |    525 |  11112 |  16 |  953.4 |
       Dungeon |   8616 |   8318 |    298 |     23 |   6287 |  11 |  783.3 |
          Lair |   6638 |   6468 |    170 |    502 |   4824 |   5 | 1327.6 |
               +--------+--------+--------+--------+--------+-----+--------+

Top non-repeatable levels by time:
  Lair:5: 1919 daAuts
  Lair:4: 1642 daAuts
  Lair:3: 1175 daAuts
  Lair:2: 959 daAuts
     D:8: 940 daAuts
  Lair:1: 940 daAuts
     D:5: 939 daAuts
    D:11: 859 daAuts
     D:3: 849 daAuts
     D:6: 778 daAuts
     D:1: 748 daAuts
     D:4: 740 daAuts
     D:9: 718 daAuts
     D:2: 718 daAuts
    D:10: 702 daAuts
